 Dungeon Crawl Stone Soup version 0.31.0-32-g396128a36d (webtiles) character file.

Game seed: 12380184843905408281

412 Silvore the Cudgeller (level 6, -8/56 HPs)
             Began as a Minotaur Fighter on Mar 20, 2024.
             Mangled by Edmund
             ... wielding a +3 flail of protection
              (13 damage)
             ... on level 5 of the Dungeon.
             The game lasted 00:03:49 (3179 turns).

Silvore the Cudgeller (Minotaur Fighter)            Turns: 3179, Time: 00:03:50

Health: -8/56      AC: 12    Str: 22    XL:     6   Next: 59%
Magic:  5/5        EV: 11    Int:  5    God:
Gold:   279        SH:  4    Dex: 10    Spells: 5/5 levels left

rFire   . . .        j - +1 mace
rCold   . . .        c - +0 buckler
rNeg    . . .        h - +0 plate armour
rPois   .            (helmet restricted)
rElec   .            (no cloak)
rCorr   .            (no gloves)
SInv    .            (no boots)
Will    .....        (no amulet) Stlth
                     m - +5 ring of evasion
HPRegen 0.29/turn    (no ring)
MPRegen 0.09/turn

%: no passive effects
@: no status effects
A: horns 2, retaliatory headbutt
a: no special abilities


You were on level 5 of the Dungeon.
You visited 1 branch of the dungeon, and saw 5 of its levels.

You collected 279 gold pieces.

Inventory:

Hand Weapons
 a - a +0 flail
 j - a +1 mace (weapon)
Armour
 b - a +0 scale mail
 c - a +0 buckler (worn)
 h - a +0 plate armour (worn)
Jewellery
 m - a +5 ring of evasion (left hand)
 q - a +5 ring of evasion
Scrolls
 i - 2 scrolls of immolation
 k - a scroll of revelation
Potions
 d - a potion of might
 e - 2 potions of attraction
 f - a potion of enlightenment {unknown}
 g - 3 potions of invisibility
 l - 2 potions of curing {unknown}
 n - a potion of haste {unknown}
 o - 3 potions of heal wounds {unknown}


   Skills:
 + Level 5.0 Fighting
 + Level 6.0 Maces & Flails
 + Level 5.3 Armour
 + Level 0.4 Dodging
 + Level 4.6 Shields


You had 5 spell levels left.
You didn't know any spells.
Your spell library contained the following spells:

 Spells                   Type           Power      Damage    Failure   Level
 Apportation              Tloc           0%         N/A       100%        1
 Magic Dart               Conj           0%         1d3       100%        1
 Necrotise                Necr           0%         1d4       100%        1
 Sting                    Conj/Alch      0%         1d3       100%        1
 Summon Small Mammal      Summ           0%         N/A       100%        1
 Blink                    Tloc           0%         N/A       100%        2
 Call Imp                 Summ           0%         N/A       100%        2


Dungeon Overview and Level Annotations

Branches:
Dungeon (5/15)
 Temple: D:4-7

Altars:
Cheibriados
Trog

Shops:
D:2 ?

Annotations:
D:5 Edmund


Innate Abilities, Weirdness & Mutations

You have a pair of horns on your head.
You reflexively headbutt those who attack you in melee.


Message History

Edmund is heavily wounded.
You block the phantom's attack. Edmund hits you but does no damage.
You barely miss Edmund.
Edmund is heavily wounded.
The phantom barely misses you. Edmund hits you but does no damage.
You closely miss Edmund.
Edmund is heavily wounded.
The phantom barely misses you.
Edmund hits you with a +3 flail of protection.
You sock Edmund!
Edmund is severely wounded.
The phantom hits you but does no damage.
Edmund hits you but does no damage.
You barely miss Edmund.
Edmund is severely wounded.
The phantom closely misses you.
Edmund mutters, "Who needs spells, anyway?"
Edmund hits you with a +3 flail of protection.
You hit Edmund but do no damage. You headbutt Edmund.
Edmund is almost dead.
The phantom barely misses you. You furiously retaliate!
You headbutt the phantom.
Edmund hits you with a +3 flail of protection.
* * * LOW HITPOINT WARNING * * *
You barely miss Edmund.
Edmund is almost dead.
The phantom barely misses you.
Edmund hits you with a +3 flail of protection!
* * * LOW HITPOINT WARNING * * *
You block Edmund's attack. The phantom barely misses you.
You barely miss Edmund.
Edmund is almost dead.
The phantom hits you but does no damage.
Edmund hits you but does no damage.
You hit Edmund but do no damage. You headbutt Edmund.
Edmund is almost dead.
The phantom barely misses you.
Edmund hits you with a +3 flail of protection!
You die...
Edmund says, "That'll show my brother!"

## #### #%. #....
#..# #..... #...#
#.....#
#...#########....#
#.............)..#
#...W......<....#
#...@@.##.........#
#...########.......
#... ......# #...
....### ^.# #...# .
#?.# ##.


You could see Edmund and a phantom.

Vanquished Creatures
  2 ogres (D:4)
  2 orc priests (D:4)
  Terence (D:2)
  3 gnolls
  4 adders
  A ribbon worm (D:2)
  4 dart slugs
  7 orcs (D:4)
  4 bats
  9 endoplasms
  4 giant cockroaches
  7 goblins
  4 hobgoblins
  2 quokkas
  10 ball pythons
  2 frilled lizards (D:1)
  7 kobolds
  4 rats
77 creatures vanquished.

Vanquished Creatures (others)
  An orc wizard (D:4)
1 creature vanquished.

Grand Total: 78 creatures vanquished

Notes
Turn   | Place    | Note
-------+----------+-------------------------------------------
     0 | D:1      | Silvore the Minotaur Fighter began the quest for the Orb.
     0 | D:1      | Reached XP level 1. HP: 19/19 MP: 0/0
    76 | D:1      | Reached XP level 2. HP: 13/27 MP: 1/1
   475 | D:1      | Reached XP level 3. HP: 33/33 MP: 2/2
   730 | D:2      | Reached skill level 3 in Maces & Flails
   792 | D:2      | Noticed Terence
   803 | D:2      | Killed Terence
   804 | D:2      | Reached XP level 4. HP: 34/41 MP: 3/3
   855 | D:2      | Found Foapluk's Magic Scroll Shop.
  1543 | D:3      | Reached XP level 5. HP: 47/47 MP: 4/4
  1623 | D:3      | Reached skill level 4 in Maces & Flails
  1753 | D:3      | Found a faded altar of an unknown god.
  2376 | D:4      | Noticed an ogre
  2391 | D:4      | Killed an ogre
  2392 | D:4      | Reached skill level 5 in Armour
  2525 | D:4      | Found a bloodstained altar of Trog.
  2583 | D:4      | Noticed an ogre
  2594 | D:4      | Killed an ogre
  2595 | D:4      | Reached skill level 5 in Fighting
  2595 | D:4      | Reached skill level 5 in Maces & Flails
  2595 | D:4      | Reached XP level 6. HP: 56/56 MP: 5/5
  2875 | D:4      | Found a snail-covered altar of Cheibriados.
  2931 | D:4      | Reached skill level 6 in Maces & Flails
  3157 | D:5      | Entered Level 5 of the Dungeon
  3160 | D:5      | Noticed Edmund
  3179 | D:5      | Mangled by Edmund

Illustrated notes

Levels and vault maps discovered:
D:1:      dpeg_arrival_long_road, layout_rooms, nrook_mini_backslash,
          chequers_decorated_corner, minmay_misc_feat_chi, corexii_corridor_pit
D:2:      layout_basic, serial_shops, shop, kennysheep_generic_room_3,
          uniq_terence
D:3:      layout_basic, shapermc_ecumenical_altar_rom_forum, minmay_bisected
D:4:      layout_cave_pods, mainiacjoe_overflow_brackets,
          mainiacjoe_overflow_alcove_4
D:5:      layout_layer_cave, minmay_temple_entry_slanted, uniq_blork_the_orc,
          uniq_edmund, uniq_grinder

Skill      XL: |  1  2  3  4  5  6 |
---------------+-------------------+-----
Fighting       | 4 5 |  5.0
Armour         | 4 5 |  5.3
Shields        | 4 |  4.6
Maces & Flails | 3 5 6 |  6.0
Dodging        | |  0.4

Action                     |  1- 3 |  4- 6 || total
---------------------------+-------+-------++-------
  Melee: Flail             |    66 |     3 ||    69
         Headbutt          |     5 |    20 ||    25
         Mace              |       |   113 ||   113
    Use: Scroll            |       |     7 ||     7
 Armour: Scale mail        |    35 |       ||    35
         Plate armour      |    10 |    80 ||    90
  Dodge: Dodged            |    26 |    48 ||    74
  Block: Buckler           |     9 |    19 ||    28
